 Dungeon Crawl Stone Soup version 0.28.0 (webtiles) character file.

Game seed: 12624322820077952678

981 GrayStillPlays the Ogre Mage (level 8, 0/70 HPs)
             Began as an Ogre Fire Elementalist on Feb 9, 2022.
             Slain by a wraith (5 damage)
             ... on level 5 of the Dungeon.
             The game lasted 00:09:28 (6569 turns).

GrayStillPlays the Ogre Mage (OgFE)                 Turns: 6569, Time: 00:09:29

Health: 0/70       AC:  3    Str: 13    XL:     8   Next: 17%
Magic:  7/16       EV: 10    Int: 18    God:
Gold:   122        SH:  0    Dex:  9    Spells: 14/17 levels left

rFire   . . .      SeeInvis .   j - +1 whip (venom) {mace}
rCold   . . .      Faith    .   (no shield)
rNeg    . . .      Spirit   .   a - +0 robe
rPois   .          Reflect  .   (helmet restricted)
rElec   .          Harm     .   (no cloak)
rCorr   .          Rampage  .   (gloves unavailable)
Will    .....                   (boots unavailable)
Stlth   +.........              (no amulet)
HPRegen 0.21/turn               (no ring)
MPRegen 0.15/turn               (no ring)

@: slowed, very slow
A: large, unfitting armour, tough skin 1
a: no special abilities


You were on level 5 of the Dungeon.
You visited 1 branch of the dungeon, and saw 5 of its levels.

You collected 122 gold pieces.


Innate Abilities, Weirdness & Mutations

You are too large for most types of armour.
You have tough skin. (AC +1)


   Skills:
 + Level 1.2 Fighting
 + Level 4.4 Dodging
 - Level 1.4 Stealth
 + Level 5.4 Spellcasting
 + Level 4.1 Conjurations
 + Level 4.9 Fire Magic


You had 14 spell levels left.
You knew the following spells:

 Your Spells              Type           Power      Damage    Failure   Level
a - Foxfire               Conj/Fire      84%        2x1d8     1%          1
b - Scorch                Fire           44%        2d7       2%          2

Your spell library contained the following spells:

 Spells                   Type           Power      Damage    Failure   Level
 Conjure Flame            Conj/Fire      21%        6-21      6%          3
 Inner Flame              Hex/Fire       13%        N/A       14%         3
 Flame Wave               Conj/Fire      21%        2d7       19%         4

Inventory:

Hand Weapons
 j - a +1 whip of venom (weapon) {mace}
   (You took it off a gnoll on level 2 of the Dungeon)
Missiles
 c - 18 bolts
 e - 104 stones {throwing}
 i - 61 arrows
 k - 6 atropa-tipped darts {throwing}
 o - 5 javelins {throwing}
 r - 2 boomerangs {throwing}
 t - a throwing net {=f!fthrowing}
 u - 7 poisoned darts {throwing}
Armour
 a - a +0 robe (worn)
Scrolls
 b - 2 scrolls of vulnerability {!r!r}
 d - 2 scrolls of identify {@r1}
 g - a scroll of fear {unknown}
 l - a scroll of summoning {unknown}
 m - a scroll of enchant weapon {unknown}
 p - a scroll of magic mapping {unknown}
 w - a scroll of fog {unknown}
Potions
 f - 3 potions of lignification {!q}
 h - 4 potions of curing {@q1}
 n - a potion of berserk rage {unknown}
 q - a potion of might {unknown}
 s - a potion of heal wounds {unknown}
 v - 2 potions of haste {unknown}

Dungeon Overview and Level Annotations

Branches:
Dungeon (5/15)
 Temple: D:4-7

Altars:

Shops:
D:3

[ ...##....#
#..##.#.##
..)...#.# #..####.#
#..# #.# #..# #.#
...# #.# ##.# #.#
############ ### ..
##.# #.#
#.....@W...# #.. ..
...# #.#
#.########.# #.# ..
##.# #.# #.# #.#
#.# .. ##.####.#
#.# #.# ##.## ..
........###.#
#.###...## .#
#...#####.#.#
#.##.....###.#
............#
#............#
#...####..###
#.##.....##..#
##.## #..#
######.###...###..#


You could see a wraith.


Message History

You see here a +0 giant club {mace}.
You conjure some foxfire!
The foxfire hits the wraith but does no damage. 😎 MP[-1]
You lost 1 mp, and now have 15/16 mp.
You conjure some foxfire!
The foxfire hits the wraith. 😎 MP[-1]
You lost 1 mp, and now have 14/16 mp.
You conjure some foxfire!
The foxfire hits the wraith but does no damage. x2
The wraith hits you! 😕 HP[-14] MP[-1]
You take 14 damage, and now have 56/70 hp.
You lost 1 mp, and now have 13/16 mp.
You conjure some foxfire!
The foxfire hits the wraith but does no damage.
The foxfire hits the wraith.
The wraith hits you but does no damage. 😕 MP[-1]
You lost 1 mp, and now have 12/16 mp.
You conjure some foxfire!
The foxfire hits the wraith.
The foxfire hits the wraith but does no damage.
The wraith hits you. The wraith drains your vigour!
You feel yourself slow down. 😕 HP[-2] MP[-1]
You take 2 damage, and now have 54/70 hp.
You lost 1 mp, and now have 11/16 mp.
You conjure some foxfire!
The foxfire hits the wraith.
The wraith hits you. The wraith drains your vigour!
You feel as though you will be slow longer.
The wraith closely misses you. 😕 MP[-1]
You lost 1 mp, and now have 10/16 mp.
You conjure some foxfire!
The foxfire hits the wraith but does no damage. x3
The wraith misses you.
You conjure some foxfire!
The foxfire hits the wraith.
The foxfire hits the wraith but does no damage.
The wraith hits you! The wraith drains your vigour!
You feel as though you will be slow longer.
The wraith hits you. The wraith drains your vigour!
You feel as though you will be slow longer. 😮 HP[-10] MP[-1]
You take 10 damage, and now have 44/70 hp.
You lost 1 mp, and now have 9/16 mp.
You are too injured to fight recklessly!
You are too injured to fight recklessly!
You are too injured to fight recklessly!
You are too injured to fight recklessly!
Unknown command.
Casting: Foxfire (safe; 1% risk of failure)
Confirm with . or Enter, or press ? or * to list all spells.
Flames lash the wraith but do no damage.
The foxfire hits the wraith but does no damage. x2
The wraith completely misses you. 😮 MP[-2]
You lost 2 mp, and now have 7/16 mp.
Casting: Scorch (safe; 2% risk of failure)
Confirm with . or Enter, or press ? or * to list all spells.
Flames lash the wraith.
The wraith's fire resistance burns away.
The wraith barely misses you. The wraith hits you! 😮 HP[-7] MP[-2]
You take 7 damage, and now have 37/70 hp.
You lost 2 mp, and now have 5/16 mp.
Casting: Scorch (safe; 2% risk of failure)
Confirm with . or Enter, or press ? or * to list all spells.
Flames lash the wraith but do no damage.
The wraith hits you!
* * * LOW HITPOINT WARNING * * *
The wraith drains your vigour!
You feel as though you will be slow longer. 😨 HP[-9] MP[-1]
You take 9 damage, and now have 28/70 hp.
You lost 1 mp, and now have 4/16 mp.
The wraith is no longer more vulnerable to fire.
The wraith hits you but does no damage. The wraith hits you!
* * * LOW HITPOINT WARNING * * *
😨 HP[-9]
You take 9 damage, and now have 19/70 hp. 😨 HP[+1]
The wraith closely misses you. 😨 MP[+1]
The wraith hits you.
* * * LOW HITPOINT WARNING * * *
The wraith drains your vigour!
You feel as though you will be slow longer. 😨 HP[-2]
You take 2 damage, and now have 18/70 hp.
The wraith barely misses you. 😨 HP[+1]
The wraith hits you!
* * * LOW HITPOINT WARNING * * *
😱 HP[-12] MP[+1]
You take 12 damage, and now have 7/70 hp.
The wraith hits you.
* * * LOW HITPOINT WARNING * * *
😱 HP[-2]
You take 2 damage, and now have 5/70 hp.
The wraith hits you.
You die...

Skill      XL: |  1  2  3  4  5  6  7  8 |
---------------+-------------------------+-----
Conjurations   | 1 2 3 4 |  4.1
Dodging        | 2 3 4 |  4.4
Fire Magic     | 3 4 |  4.9
Spellcasting   | 3 4 5 |  5.4
Fighting       | 1 |  1.2
Stealth        | |  1.4

Action                   |  1- 3 |  4- 6 |  7- 9 || total
-------------------------+-------+-------+-------++-------
Melee: Dagger            |    11 |       |       ||    11
       Whip              |       |    34 |    18 ||    52
 Cast: Foxfire           |    59 |   156 |   112 ||   327
       Scorch            |       |       |     5 ||     5
  Use: Scroll            |       |       |     3 ||     3
Armor: Robe              |     4 |     7 |    12 ||    23
Dodge: Dodged            |    10 |    26 |    30 ||    66

Levels and vault maps discovered:
D:1:      ncdulo_smallfort, layout_basic, ebering_ecumenical_altar_hall
D:2:      layout_rooms
D:3:      layout_rooms, serial_shops, shop_statue, grunt_ministairs_5,
          chequers_serial_rivers_small_a
D:4:      layout_loops_corners, skrybe_limestone_x
D:5:      layout_loops_ring

Notes
Turn   | Place    | Note
-------+----------+-------------------------------------------
     0 | D:1      | GrayStillPlays the Ogre Fire Elementalist began the quest
                  | for the Orb.
     0 | D:1      | Reached XP level 1. HP: 16/16 MP: 3/3
     0 | D:1      | magus.rc [v1.9.6]
   126 | D:1      | Reached skill level 1 in Conjurations
   327 | D:1      | Found a faded altar of an unknown god.
   365 | D:1      | Reached XP level 2. HP: 24/24 MP: 0/5
   603 | D:1      | Reached skill level 2 in Dodging
  1382 | D:2      | Reached skill level 3 in Fire Magic
  1404 | D:2      | Reached XP level 3. HP: 23/31 MP: 0/7
  1412 | D:2      | Reached skill level 3 in Spellcasting
  1780 | D:2      | Reached XP level 4. HP: 39/39 MP: 1/8
  2293 | D:2      | Reached skill level 2 in Conjurations
  2752 | D:3      | Found Mukus's Antique Armour Shoppe.
  3028 | D:3      | Reached XP level 5. HP: 45/45 MP: 4/10
  3751 | D:4      | Noticed a necrophage
  3798 | D:3      | Killed a necrophage
  3799 | D:3      | Reached skill level 3 in Dodging
  3799 | D:3      | Reached XP level 6. HP: 45/53 MP: 5/11
  3900 | D:4      | Reached skill level 4 in Spellcasting
  4528 | D:4      | Noticed a necrophage
  4536 | D:4      | Killed a necrophage
  4537 | D:4      | Reached skill level 3 in Conjurations
  4537 | D:4      | Reached skill level 4 in Fire Magic
  4632 | D:4      | Reached XP level 7. HP: 59/59 MP: 7/13
  5553 | D:5      | Entered Level 5 of the Dungeon
  5640 | D:5      | Learned a level 2 spell: Scorch
  5677 | D:5      | Reached skill level 4 in Dodging
  5677 | D:5      | Reached skill level 5 in Spellcasting
  5801 | D:5      | HP: 14/59 [water moccasin zombie (7)]
  5820 | D:5      | HP: 12/59 [water moccasin zombie (5)]
  5822 | D:5      | Reached XP level 8. HP: 14/67 MP: 9/15
  6081 | D:5      | Reached skill level 4 in Conjurations
  6161 | D:5      | Reached skill level 1 in Fighting
  6353 | D:5      | Noticed a wraith
  6565 | D:5      | HP: 7/70 [wraith (12)]
  6569 | D:5      | Slain by a wraith

Vanquished Creatures
  2 necrophages
  2 ogres (D:5)
  A scorpion (D:5)
  A water moccasin zombie (D:5)
  A howler monkey (D:4)
  2 hounds (D:4)
  2 orc priests (D:4)
  A centaur skeleton (D:4)
  2 iguanas (D:5)
  2 hound skeletons (D:4)
  15 gnolls
  6 adders
  An adder skeleton (D:4)
  2 worms
  2 dart slugs (D:4)
  5 orcs
  4 endoplasms
  4 giant cockroaches
  6 goblins
  7 hobgoblins
  2 jackals (D:4)
  2 kobolds
  2 quokkas
  5 ball pythons
  5 bats
  2 frilled lizards
  A rat (D:3)
87 creatures vanquished.

Vanquished Creatures (others)
  530 foxfires
530 creatures vanquished.

Grand Total: 617 creatures vanquished

Table legend:
 A = Non-vault XP
 B = Vault XP
 C = Vault XP percentage of total XP
 D = Non-vault monster count
 E = Vault monster count
 F = Vault count percentage of total count
                 A         B        C        D         E       F
            +---------+---------+-------+---------+---------+-------
      Total |    1386 |      16 |   1.1 |      85 |       2 |   2.3
            +---------+---------+-------+---------+---------+-------
        D:1 |      15 |       0 |   0.0 |       9 |       0 |   0.0
        D:2 |     125 |       0 |   0.0 |      20 |       0 |   0.0
        D:3 |     162 |      16 |   9.0 |      17 |       2 |  10.5
        D:4 |     534 |       0 |   0.0 |      26 |       0 |   0.0
        D:5 |     550 |       0 |   0.0 |      13 |       0 |   0.0
            +---------+---------+-------+---------+---------+-------

Illustrated notes

Table legend:
 A = Kills in this place as a percentage of kills in entire the game.
 B = Kills by you in this place as a percentage of kills by you in the entire game.
 C = Kills by friends in this place as a percentage of kills by friends in the entire game.
 D = Other kills in this place as a percentage of other kills in the entire game.
 E = Experience gained in this place as a percentage of experience gained in the entire game.
 F = Experience gained in this place divided by the number of levels of this place that you have seen.
                   A       B       C       D       E      F
               +-------+-------+-------+-------+-------+----------------------
         Total | 100.0 | 100.0 |   N/A |   N/A | 100.0 | 280.4
       Dungeon | 100.0 | 100.0 |   N/A |   N/A | 100.0 | 280.4
               +-------+-------+-------+-------+-------+----------------------

Table legend: (Time is in decaauts)
 A = Elapsed time spent in this place.
 B = Non-inter-level travel time spent in this place.
 C = Inter-level travel time spent in this place.
 D = Time resting spent in this place.
 E = Time spent auto-exploring this place.
 F = Levels seen in this place.
 G = Mean time per level.
                   A        B        C        D        E       F      G
               +--------+--------+--------+--------+--------+-----+--------+
         Total |   6584 |   6328 |    256 |    499 |   4971 |   5 | 1316.8 |
       Dungeon |   6584 |   6328 |    256 |    499 |   4971 |   5 | 1316.8 |
               +--------+--------+--------+--------+--------+-----+--------+

Top non-repeatable levels by time:
     D:4: 1719 daAuts
     D:3: 1329 daAuts
     D:2: 1276 daAuts
     D:1: 1232 daAuts
     D:5: 1026 daAuts
